Map: [ESL] Inside and Out

Players

Reynor - Winner!

  • Race: Zerg Zerg
  • Spawn Location: 1:00

DPGherO (herO)

  • Race: Protoss Protoss
  • Spawn Location: 7:00

Event: TSL 9

VOD

Have the link to the VOD?

Description

Time

  • Played on: Aug. 7, 2022, 7:56 a.m.
  • Length: 18:28

All games in this series

Show
View Real Time Build Order
Export as new Build Order

Reynor Zerg - Winner!

Build Orders: Hatch First, Lurkers 

Get SALT Encoding   

  12  0:00  Drone  
  13  0:12  Overlord  
  13  0:16  Drone  
  14  0:30  Drone x2  
  14  0:34  Drone  
  17  0:53  Hatchery  
  17  0:55  Drone  
  17  0:58  Drone  
  18  1:09  Extractor  
  17  1:14  Spawning Pool  
  17  1:17  Drone  
  17  1:20  Drone  
  18  1:28  Drone  
  19  1:38  Drone  
  20  1:49  Overlord  
  20  2:00  Queen  
  22  2:05  Queen  
  22  2:06  Zergling x4  
  26  2:10  Drone  
  27  2:16  Drone  
  27  2:18  Metabolic Boost  
  27  2:21  Drone  
  29  2:27  Drone  
  30  2:41  Zergling x2  
  31  2:46  Overlord  
  31  2:51  Hatchery  
  31  2:53  Drone x3  
  31  2:57  Queen  
  34  3:00  Drone  
  36  3:05  Drone  
  36  3:09  Queen  
  38  3:14  Drone  
  38  3:15  Overlord  
  38  3:18  Drone  
  41  3:20  Drone  
  41  3:22  Drone  
  41  3:24  Zergling x2  
  43  3:31  Zergling x2  
  44  3:34  Queen  
  44  3:36  Zergling x2  
  47  3:46  Overlord  
  47  3:48  Drone  
  47  3:49  Queen  
  47  3:53  Drone  
  50  3:56  Drone  
  50  3:58  Spore Crawler  
  50  4:02  Spore Crawler  
  49  4:03  Drone  
  49  4:05  Drone x2, Evolution Chamber  
  49  4:06  Drone  
  49  4:07  Drone  
  53  4:14  Drone x3  
  56  4:17  Drone  
  56  4:19  Drone  
  56  4:21  Overlord  
  56  4:23  Drone  
  59  4:25  Drone  
  59  4:28  Spore Crawler  
  59  4:30  Drone  
  60  4:35  Zerg Melee Weapons Level 1  
  60  4:36  Drone x2  
  60  4:38  Drone  
  63  4:40  Spore Crawler  
  63  4:41  Drone  
  63  4:44  Drone  
  63  4:46  Drone x2  
  63  4:47  Drone x2  
  63  4:52  Overlord  
  68  4:53  Drone  
  68  4:54  Drone  
  68  4:56  Overlord  
  70  5:01  Zergling x2  
  70  5:03  Zergling x2  
  70  5:06  Roach Warren  
  71  5:09  Zergling x4  
  71  5:12  Drone x4  
  71  5:14  Overlord  
  74  5:18  Zergling x6  
  77  5:22  Drone x3  
  77  5:25  Drone  
  77  5:26  Lair  
  81  5:29  Drone, Extractor x2  
  80  5:44  Drone x7  
  87  5:52  Hatchery  
  87  5:54  Overlord  
  87  5:55  Drone  
  87  5:56  Drone  
  88  5:58  Drone x2  
  90  6:05  Zergling x6  
  90  6:09  Overlord  
  90  6:11  Overlord x2  
  93  6:16  Overlord  
  92  6:21  Overlord  
  92  6:23  Drone x3  
  93  6:25  Overlord  
  93  6:30  Zergling x2, Drone x5  
  93  6:31  Baneling Nest  
  93  6:32  Drone  
  99  6:34  Queen  
  99  6:35  Zerg Melee Weapons Level 2, Drone x3, Extractor  
  99  6:39  Overlord  
  103  6:42  Drone  
  103  6:46  Glial Reconstitution, Extractor  
  103  6:51  Zergling x10  
  103  6:53  Zergling x2  
  108  6:58  Zergling x4  
  110  7:02  Zergling x6  
  110  7:03  Zergling x4  
  110  7:04  Zergling x2  
  110  7:05  Zergling x4, Queen  
  110  7:07  Zergling x2  
  121  7:13  Roach  
  123  7:16  Roach x2  
  123  7:20  Spore Crawler  
  123  7:23  Drone x4  
  123  7:25  Drone  
  123  7:28  Drone  
  123  7:29  Drone x4  
  132  7:31  Roach  
  134  7:37  Hatchery, Roach  
  134  7:40  Evolution Chamber  
  134  7:42  Roach x3  
  134  7:43  Infestation Pit  
  139  7:47  Queen  
  139  7:50  Roach  
  139  7:51  Zergling x2, Roach x4  
  151  7:53  Drone  
  151  7:56  Overlord  
  156  7:58  Zergling x6, Roach x2  
  156  8:01  Drone, Overlord  
  160  8:05  Overlord  
  160  8:10  Zerg Missile Weapons Level 1, Overlord  
  160  8:14  Zergling x10  
  165  8:20  Zergling x8  
  165  8:23  Roach x2  
  173  8:28  Baneling x7  
  173  8:32  Hive  
  173  8:34  Pneumatized Carapace  
  172  8:35  Drone x4  
  172  8:37  Hydralisk Den, Drone x6  
  172  8:40  Extractor  
  178  8:44  Zergling x8  
  178  8:46  Zergling x4  
  178  8:47  Zergling x4  
  186  8:50  Overlord  
  179  8:56  Zergling x10  
  179  9:01  Zergling x4  
  161  9:04  Centrifugal Hooks  
  161  9:05  Zergling x8  
  161  9:06  Hatchery  
  161  9:09  Extractor, Lurker Den  
  161  9:10  Zergling x12  
  161  9:11  Drone x2  
  161  9:15  Zergling x8  
  171  9:31  Baneling x4  
  171  9:32  Zergling x18  
  171  9:36  Hydralisk  
  171  9:37  Zergling x6  
  185  9:40  Overlord  
  185  9:44  Overlord  
  185  9:46  Zergling x10  
  185  9:47  Zergling x6  
  181  9:53  Hydralisk  
  181  9:54  Zergling x8  
  181  9:56  Hydralisk  
  180  10:05  Zergling x2, Hydralisk  
  180  10:06  Zergling x6  
  186  10:07  Seismic Spines  
  186  10:09  Lurker  
  186  10:10  Adrenal Glands  
  186  10:11  Zerg Melee Weapons Level 3  
  178  10:14  Hydralisk  
  178  10:15  Zergling x16, Hydralisk  
  178  10:18  Hydralisk  
  178  10:19  Zergling x4  
  178  10:20  Lurker  
  186  10:23  Hydralisk  
  186  10:24  Zergling x4  
  186  10:25  Hydralisk  
  186  10:26  Zergling x2  
  188  10:29  Hydralisk  
  188  10:33  Lurker  
  188  10:34  Zergling x4, Hydralisk  
  190  10:37  Queen  
  190  10:41  Hydralisk  
  190  10:42  Zergling x14  
  183  10:45  Hydralisk x2  
  183  10:46  Zergling x2  
  183  10:49  Lurker x3  
  175  10:50  Zergling x10  
  171  10:59  Hydralisk x2  
  171  11:00  Zergling x8  
  171  11:03  Hydralisk  
  176  11:06  Hydralisk  
  176  11:07  Zergling x2  
  176  11:10  Hydralisk  
  176  11:11  Zergling x2, Hydralisk  
  172  11:16  Lurker x2  
  172  11:17  Lurker  
  172  11:18  Zergling x8  
  174  11:24  Hydralisk  
  174  11:25  Zergling x10  
  172  11:30  Drone x3  
  177  11:37  Lurker x2, Hydralisk  
  177  11:38  Zergling x8  
  185  11:41  Hydralisk x2  
  185  11:42  Zergling x6  
  185  11:44  Drone x2  
  185  11:45  Hydralisk  
  185  11:46  Zergling x4  
  185  11:47  Spore Crawler  
  196  11:56  Drone x3  
  191  12:01  Hydralisk  
  191  12:02  Zergling x8  
  191  12:03  Zergling x2  
  191  12:07  Lurker x4  
  194  12:11  Spore Crawler, Hydralisk, Drone  
  196  12:17  Muscular Augments  
  196  12:18  Zergling x10  
  196  12:21  Hatchery  
  199  12:26  Drone  
  200  12:30  Spore Crawler  
  199  12:40  Adaptive Talons  
  197  12:49  Zergling x6  
  198  12:57  Hydralisk  
  198  12:58  Zergling x4  
  187  13:06  Hydralisk x6  
  187  13:07  Zergling x2, Hydralisk x2  
  187  13:09  Hydralisk x2  
  187  13:10  Hydralisk x3  
  196  13:13  Extractor  
  196  13:14  Zergling x12  
  196  13:15  Lurker  
  196  13:22  Queen  
  196  13:24  Zergling x2, Hydralisk  
  196  13:25  Zergling x10  
  197  13:28  Grooved Spines  
  197  13:29  Lurker x2  
  197  13:37  Overlord  
  195  13:45  Zergling x2, Hydralisk  
  195  13:46  Zergling x10  
  195  13:53  Lurker x4  
  195  13:54  Zergling x14, Hatchery  
  198  14:00  Zergling x2  
  199  14:07  Hydralisk  
  199  14:08  Zergling x4  
  199  14:19  Zergling x8, Hydralisk  
  199  14:20  Zergling x4  
  199  14:24  Lurker x3, Queen  
  193  14:26  Hydralisk  
  193  14:27  Zergling x6  
  193  14:29  Hydralisk  
  198  14:36  Zergling x6  
  200  14:43  Overseer  
  200  14:46  Spire  
  192  14:54  Zergling x2, Hydralisk  
  192  14:55  Zergling x16  
  192  14:58  Hydralisk  
  194  15:00  Queen  
  194  15:01  Hydralisk  
  194  15:02  Hydralisk  
  194  15:05  Drone x2  
  197  15:08  Zergling x6  
  197  15:11  Zerg Missile Weapons Level 2  
  197  15:12  Zerg Ground Armor Level 1  
  196  15:23  Zergling x18  
  196  15:25  Zergling x4  
  196  15:26  Hydralisk x2  
  186  15:29  Queen  
  186  15:31  Zergling x14  
  190  15:35  Hydralisk  
  190  15:36  Zergling x6  
  190  15:38  Drone x3  
  190  15:42  Drone  
  199  15:48  Drone  
  199  15:49  Drone  
  199  15:51  Drone x2  
  199  15:56  Hydralisk  
  195  15:57  Zergling x6  
  195  15:58  Hydralisk  
  184  16:05  Hydralisk, Drone x3  
  187  16:12  Viper x3  
  190  16:31  Zergling x24  
  196  16:52  Zergling x8  
  196  17:01  Hatchery  
  196  17:07  Lurker x2  
  196  17:08  Zergling x10  
  200  17:14  Hydralisk  
  200  17:15  Zergling x22  
  171  17:16  Hydralisk x3  
  171  17:18  Lurker  
  171  17:19  Lurker x4  
  182  17:27  Hydralisk x2  
  182  17:28  Zergling x6  
  177  17:30  Zergling x4  
  177  17:32  Zergling x2  
  153  17:38  Hydralisk x2  
  153  17:41  Hydralisk x2  
  153  17:43  Hydralisk  
  150  17:47  Hydralisk  
  150  17:50  Hydralisk  
Show
View Real Time Build Order
Export as new Build Order

DPGherO Protoss 

Build Orders: 1 Gate Expand, Oracle Opening 

Get SALT Encoding   

  12  0:00  Probe  
  13  0:12  Probe  
  14  0:18  Pylon  
  14  0:24  Probe (Chrono Boost)  
  15  0:37  Probe (Chrono Boost)  
  16  0:42  Gateway  
  16  0:44  Probe (Chrono Boost)  
  16  0:47  Assimilator  
  17  0:51  Probe  
  18  1:03  Probe  
  19  1:15  Probe  
  20  1:24  Nexus  
  20  1:35  Cybernetics Core  
  20  1:37  Probe  
  21  1:44  Assimilator  
  21  1:49  Probe  
  21  1:53  Pylon  
  22  2:01  Probe (Chrono Boost)  
  23  2:11  Adept  
  23  2:14  Probe (Chrono Boost)  
  26  2:16  Stargate  
  26  2:21  Probe (Chrono Boost)  
  27  2:24  Warp Gate  
  27  2:29  Probe (Chrono Boost)  
  28  2:37  Probe (Chrono Boost)  
  28  2:39  Pylon  
  28  2:43  Adept  
  32  2:46  Probe (Chrono Boost)  
  32  2:47  Probe (Chrono Boost)  
  33  2:55  Probe  
  33  2:56  Oracle (Chrono Boost), Probe  
  35  3:05  Gateway  
  38  3:10  Pylon  
  38  3:11  Probe  
  39  3:13  Probe  
  39  3:17  Adept  
  42  3:25  Probe x2  
  42  3:26  Oracle (Chrono Boost)  
  47  3:45  Nexus  
  47  3:51  Pylon  
  47  3:53  Probe x2  
  49  3:55  Oracle (Chrono Boost)  
  52  4:04  Assimilator  
  52  4:06  Probe x2, Assimilator  
  54  4:14  Adept x2  
  58  4:18  Pylon  
  58  4:21  Probe x2  
  60  4:33  Twilight Council  
  60  4:35  Forge, Probe x2  
  62  4:44  Adept x2  
  66  4:50  Probe x2 (Chrono Boost)  
  66  4:52  Gateway  
  68  4:56  Protoss Ground Weapons Level 1 (Chrono Boost)  
  68  4:58  Probe (Chrono Boost)  
  69  5:02  Probe x2 (Chrono Boost)  
  69  5:07  Probe (Chrono Boost)  
  69  5:08  Probe (Chrono Boost)  
  69  5:09  Probe (Chrono Boost)  
  69  5:11  Blink (Chrono Boost)  
  69  5:12  Probe (Chrono Boost)  
  71  5:16  Probe  
  71  5:17  Probe  
  74  5:24  Probe  
  75  5:28  Probe  
  75  5:29  Probe  
  75  5:30  Gateway  
  75  5:31  Gateway  
  75  5:32  Stalker  
  75  5:35  Stalker  
  81  5:42  Probe x2  
  83  5:43  Probe  
  84  5:50  Gateway  
  84  5:52  Gateway  
  84  6:03  Probe  
  85  6:06  Pylon x2  
  85  6:11  Shield Battery, Nexus, Pylon x2  
  85  6:21  Oracle  
  85  6:26  Stalker x3  
  85  6:29  Probe x3  
  85  6:32  Shield Battery, Photon Cannon  
  94  6:38  Stalker x2  
  94  6:39  Shield Battery, Protoss Ground Weapons Level 2 (Chrono Boost)  
  98  6:41  Probe x3  
  98  6:46  Pylon  
  101  6:49  Sentry, Stalker  
  105  6:55  Probe x3  
  105  6:58  Charge (Chrono Boost)  
  108  7:02  Oracle  
  111  7:10  Probe x3  
  114  7:15  Stalker x4  
  122  7:26  Probe  
  122  7:27  Probe x3  
  126  7:30  Gateway  
  126  7:31  Gateway  
  126  7:35  Gateway  
  126  7:36  Pylon  
  126  7:37  Pylon  
  126  7:50  Stalker x4  
  126  7:51  Stalker  
  136  7:55  Oracle  
  139  8:02  Gateway  
  139  8:06  Nexus  
  139  8:08  Pylon  
  139  8:11  Pylon  
  139  8:17  Stalker x7  
  152  8:32  Oracle  
  155  8:40  Nexus, Pylon  
  155  8:42  Pylon  
  155  8:43  Pylon  
  155  8:44  Pylon  
  155  8:45  Pylon x2  
  155  8:47  Pylon  
  155  8:48  Pylon  
  153  9:00  Stalker x8  
  157  9:07  Stalker x2  
  147  9:12  Probe x2  
  147  9:13  Probe x2  
  147  9:14  Gateway  
  147  9:16  Gateway  
  151  9:18  Gateway  
  151  9:19  Gateway  
  151  9:21  Shield Battery, Protoss Ground Weapons Level 3 (Chrono Boost)  
  151  9:23  Zealot x5, Photon Cannon  
  151  9:24  Zealot x2  
  165  9:27  Zealot  
  165  9:28  Zealot  
  169  9:51  Zealot x2  
  169  9:52  Zealot x9  
  187  9:59  Oracle  
  170  10:03  Probe  
  170  10:04  Probe x3  
  170  10:05  Probe  
  175  10:11  Forge  
  175  10:12  Pylon  
  173  10:17  Zealot x9  
  173  10:21  Zealot x2  
  167  10:31  Zealot x4  
  170  10:43  Templar Archives  
  146  10:51  Zealot x14  
  146  10:52  Zealot  
  164  10:59  Protoss Ground Armor Level 1 (Chrono Boost)  
  124  11:26  Zealot x15  
  124  11:28  Nexus  
  124  11:31  Shield Battery, Photon Cannon  
  154  11:41  Assimilator  
  154  11:42  Assimilator  
  154  11:44  Protoss Shields Level 1 (Chrono Boost)  
  154  11:47  Assimilator  
  154  11:48  Zealot x8, Assimilator  
  154  11:49  Zealot x4  
  154  11:52  Zealot x2  
  174  12:04  Probe  
  174  12:05  Probe x4  
  167  12:09  High Templar x7  
  167  12:13  Archon x3  
  167  12:14  Zealot x7, High Templar  
  197  12:17  Probe  
  197  12:21  Assimilator  
  197  12:24  Archon, Assimilator  
  197  12:36  Nexus  
  197  12:37  Pylon  
  197  12:39  Pylon  
  197  12:45  Zealot  
  197  12:48  Photon Cannon, Pylon  
  179  13:05  Zealot x15  
  192  13:11  Robotics Facility  
  164  13:41  Zealot x3  
  164  13:42  Zealot x12  
  164  13:46  Nexus  
  164  13:57  Immortal (Chrono Boost)  
  164  13:59  Robotics Facility  
  164  14:00  Robotics Bay  
  164  14:01  Robotics Facility  
  124  14:24  High Templar  
  124  14:25  High Templar x7  
  124  14:26  Zealot x7  
  155  14:31  Observer (Chrono Boost), Archon x2  
  155  14:32  Archon  
  155  14:33  Archon  
  155  14:37  Photon Cannon  
  155  14:38  Shield Battery  
  147  14:47  Disruptor (Chrono Boost)  
  148  14:53  Disruptor (Chrono Boost)  
  148  14:55  Disruptor (Chrono Boost)  
  122  15:04  Zealot x15  
  139  15:10  Shield Battery  
  142  15:14  Disruptor (Chrono Boost)  
  142  15:20  Colossus (Chrono Boost)  
  149  15:22  Disruptor (Chrono Boost)  
  149  15:26  High Templar x5  
  149  15:27  Zealot x4, High Templar  
  159  15:32  Archon x3  
  143  15:35  Disruptor (Chrono Boost)  
  130  15:46  Disruptor (Chrono Boost)  
  132  15:55  Disruptor (Chrono Boost)  
  115  16:02  Zealot x3  
  115  16:03  Zealot x6  
  101  16:13  Disruptor (Chrono Boost)  
  107  16:21  Disruptor (Chrono Boost)  
  107  16:27  Observer  
  110  16:38  Zealot  
  106  17:01  Zealot x2  
Tags
 
Add a new tag
Caveats
  • Supply blocks, unpowered buildings, or Contaminate may cause inaccurate times.
  • Supply counts are checked every 10 seconds.